 Dungeon Crawl Stone Soup version 0.29-a0-648-g6b26cc9f40 (webtiles) character file.

Game seed: 2201235875031061150

49 xian the Skirmisher (level 3, 0/33 HPs)
             Began as a Draconian Fighter on June 20, 2022.
             Slain by Jessica
             ... wielding a +2 dagger of venom
              (3 damage)
             ... on level 2 of the Dungeon.
             The game lasted 00:04:13 (1094 turns).

xian the Skirmisher (Draconian Fighter)             Turns: 1094, Time: 00:04:18

Health: 0/33       AC:  6    Str: 20    XL:     3   Next: 51%
Magic:  3/3        EV: 12    Int:  8    God:
Gold:   47         SH:  4    Dex: 10    Spells: 2/2 levels left

rFire   . . .      SeeInvis .   a - +0 long sword
rCold   . . .      Faith    .   b - +0 buckler
rNeg    . . .      Spirit   .   (body armour unavailable)
rPois   .          Reflect  .   (helmet restricted)
rElec   .          Harm     .   (no cloak)
rCorr   .          Rampage  .   e - +0 pair of gloves
Will    .....                   (no boots)
Stlth   +.........              (no amulet)
HPRegen 0.11/turn               (no ring)
MPRegen 0.08/turn               (no ring)

@: lethally poisoned (0 -> -19)
A: AC +5, unfitting armour, cold-blooded
a: no special abilities


You were on level 2 of the Dungeon.
You visited 1 branch of the dungeon, and saw 2 of its levels.

You collected 47 gold pieces.

Inventory:

Hand Weapons
 a - a +0 long sword (weapon)
Missiles
 h - 6 poisoned darts (quivered)
Armour
 b - a +0 buckler (worn)
 e - a +0 pair of gloves (worn)
 f - the +1 Delatra's gloves {ID++}
   (You found it on level 2 of the Dungeon)

   It heals its wearer when they drink unknown potions.
   It restores its wearer's MP when they read unknown scrolls.
Scrolls
 j - a scroll of magic mapping
 k - a scroll of identify {unknown}
Potions
 c - a potion of might
 g - a potion of curing {unknown}
 i - a potion of mutation {unknown}


   Skills:
 + Level 3.8 Fighting
 + Level 2.6 Long Blades
 + Level 3.2 Dodging
 + Level 3.2 Shields


You had 2 spell levels left.
You didn't know any spells.
Your spell library contained the following spells:

 Spells                   Type           Power      Damage    Failure   Level
 Inner Flame              Hex/Fire       0%         N/A       86%         3
 Cause Fear               Hex            0%         N/A       99%         4
 Discord                  Hex            0%         N/A       100%        8


Dungeon Overview and Level Annotations

Branches:
Dungeon (2/15)

Altars:
Zin

Annotations:
D:2 Jessica


Innate Abilities, Weirdness & Mutations

Your plain brown scales are hard. (AC +5)
You cannot fit into any form of body armour.
You are cold-blooded and may be slowed by cold attacks.


Message History

Jessica barely misses you. The quokka misses you. You block Jessica's attack.
The quokka closely misses you.
You slash Jessica!
Jessica is almost dead.
Jessica gestures wildly while chanting.
Jessica blinks!
The quokka misses you.
Jessica points at you and mumbles some strange words.
Pain shoots through your body!
Jessica points at you and mumbles some strange words.
Pain shoots through your body! Jessica gestures at you while chanting.
You barely resist. The quokka barely misses you.
The quokka bites you but does no damage.
You hit Jessica but do no damage.
Jessica is almost dead.
Jessica hits you but does no damage. You block Jessica's attack.
The quokka barely misses you.
You closely miss Jessica.
Jessica is almost dead.
Jessica hits you but does no damage.
You are poisoned.
The quokka bites you. Jessica gestures at you while chanting.
You feel yourself slow down.
The quokka bites you but does no damage.
It was a potion of cancellation.
Your magical effects are unravelling.
You feel magically purged.
You feel yourself speed up.
* * * LOW HITPOINT WARNING * * *
You feel very sick.
Jessica mumbles something strange.
Jessica hits you with a +2 dagger of venom.
* * * LOW HITPOINT WARNING * * *
You are more poisoned.
The quokka bites you but does no damage.
Jessica barely misses you. The quokka barely misses you.
Jessica hits you with a +2 dagger of venom.
You die...

#........##..........#
#.##.##..............#
..##..#..............#
..###...............
..#####..#####.....
........##!!.##..#
.####...#.....#..# #
#...#.....'.@#
#...#.....#r@#
#...##.!?##..#
#....#####..##
####.......##
##.....## #######


You could see Jessica (fast) and a quokka.

Vanquished Creatures
  2 adders (D:2)
  A worm (D:2)
  2 ball pythons
  2 endoplasms (D:1)
  2 giant cockroaches
  6 goblins
  A hobgoblin (D:1)
  3 jackals (D:2)
  2 bats
  2 kobolds (D:1)
  3 rats (D:1)
26 creatures vanquished.

Notes
Turn   | Place    | Note
-------+----------+-------------------------------------------
     0 | D:1      | xian the Draconian Fighter began the quest for the Orb.
     0 | D:1      | Reached XP level 1. HP: 19/19 MP: 1/1
   237 | D:1      | Reached XP level 2. HP: 26/26 MP: 2/2
   613 | D:2      | Found a faded altar of an unknown god.
   613 | D:2      | Found the +1 Delatra's gloves {ID++}
   628 | D:2      | Reached XP level 3. HP: 20/33 MP: 3/3
   988 | D:2      | Found a glowing silver altar of Zin.
  1079 | D:2      | Noticed Jessica
  1094 | D:2      | Slain by Jessica

Illustrated notes

Levels and vault maps discovered:
D:1:      amcnicky_arrival_choice, layout_rooms
D:2:      layout_rooms, basic_altar, hellmonk_ecumenical_altar_dog_temple,
          kennysheep_jessica_study

Skill      XL: |  1  2 |
---------------+-------+-----
Dodging        | 3 |  3.2
Fighting       | |  3.8
Long Blades    | |  2.6
Shields        | |  3.2

Action                   || total
-------------------------++-------
Melee: Long sword        ||    88
       Tailslap          ||     8
  Use: Scroll            ||     1
       Potion            ||     1
Armor: Skin              ||    39
Dodge: Dodged            ||    83
Block: Buckler           ||    25

Table legend: (Time is in decaauts)
 A = Elapsed time spent in this place.
 B = Non-inter-level travel time spent in this place.
 C = Inter-level travel time spent in this place.
 D = Time resting spent in this place.
 E = Time spent auto-exploring this place.
 F = Levels seen in this place.
 G = Mean time per level.
                   A        B        C        D        E       F      G
               +--------+--------+--------+--------+--------+-----+--------+
         Total |   1122 |   1122 |      0 |     25 |    720 |   2 |  561.0 |
       Dungeon |   1122 |   1122 |      0 |     25 |    720 |   2 |  561.0 |
               +--------+--------+--------+--------+--------+-----+--------+

Top non-repeatable levels by time:
     D:1: 611 daAuts
     D:2: 511 daAuts
